 Dungeon Crawl Stone Soup version 0.18.1-8-gdd0e5ea (webtiles) character file.

16585 Peloso the Blocker (level 12, 0/106 HPs)
             Began as a Minotaur Fighter on June 5, 2016.
             Was a High Priest of Okawaru.
             Slain by a blink frog (6 damage)
             ... on level 3 of the Lair of Beasts.
             The game lasted 00:37:33 (11694 turns).

Peloso the Blocker (Minotaur Fighter)              Turns: 11694, Time: 00:37:33

Health: 0/106      AC: 20    Str: 29    XL:     12   Next: 11%
Magic:  11/11      EV: 12    Int:  5    God:    Okawaru [*****.]
Gold:   744        SH: 14    Dex: 14    Spells: 0 memorised, 11 levels left

rFire  . . .     SeeInvis .     b - +4 scimitar (flame)
rCold  . . .     Gourm    .     W - +0 shadow dragon armour
rNeg   . . .     Faith    .     c - +0 shield
rPois  .         Spirit   .     (helmet restricted)
rElec  .         Dismiss  .     q - +0 cloak
rCorr  .         Reflect  .     F - +0 pair of gloves
SustAt .         Harm     .     k - +1 pair of boots
MR     .....                    (no amulet)
Stlth  +++.......               Q - +4 ring of strength
                                e - +3 ring of strength

@: not resistant to hostile enchantments, fairly stealthy
A: retaliatory headbutt, horns 2
a: Heroism, Finesse, Renounce Religion


You were on level 3 of the Lair of Beasts.
You worshipped Okawaru.
Okawaru was extremely pleased with you.
You were near starving.

You visited 3 branches of the dungeon, and saw 15 of its levels.

You collected 744 gold pieces.

Inventory:

Hand Weapons
 a - a +1 long sword
 b - a +4 scimitar of flaming (weapon)
Armour
 c - a +0 shield (worn)
 k - a +1 pair of boots (worn)
 q - a +0 cloak (worn)
 F - a +0 pair of gloves (worn)
 W - a +0 shadow dragon armour (worn)
Jewellery
 e - a +3 ring of strength (left hand)
 h - an uncursed ring of poison resistance
 y - the amulet of Vitality {Regen+ HP+15}
   (You found it on level 1 of the Lair of Beasts)

   [amulet of regeneration]

   It affects your health (+15).
   It increases your rate of regeneration.
 H - an uncursed ring of fire
 Q - a +4 ring of strength (right hand)
Wands
 O - a wand of disintegration (14/24)
Scrolls
 g - 2 scrolls of enchant weapon
 j - 2 scrolls of recharging
 m - 6 scrolls of remove curse
 n - 4 scrolls of enchant armour
 t - 4 scrolls of teleportation
 u - 5 scrolls of blinking
 v - a scroll of magic mapping
 D - 3 scrolls of amnesia
 K - a scroll of fear
Potions
 d - 2 potions of haste
 p - a potion of flight {unknown}
 r - 3 potions of heal wounds {unknown}
 w - 2 potions of magic
 x - a potion of resistance
 A - 3 potions of curing {unknown}
 C - 2 potions of lignification {unknown}
 I - 3 potions of agility
 J - 2 potions of mutation {unknown}
 L - a potion of brilliance {unknown}
 N - a potion of cure mutation {unknown}
Comestibles
 f - 11 bread rations
 i - 2 slices of pizza
 l - a fruit
 o - 2 royal jellies
 s - 7 beef jerkies
 z - a meat ration


   Skills:
 + Level 9.7 Fighting
 + Level 11.8 Long Blades
 + Level 11.0 Armour
 + Level 7.7 Dodging
 + Level 3.5 Stealth
 + Level 12.1 Shields
 + Level 1.3 Invocations


You had 11 spell levels left.
You didn't know any spells.

Dungeon Overview and Level Annotations

Branches:
Dungeon (11/15)            Temple (1/1) D:7            Lair (3/8) D:11
  Swamp: Lair:3-6    Shoals: Lair:3-6     Snake: Lair:3-6    Spider: Lair:3-6
    Orc: D:9-12

Altars:
Ashenzari
Cheibriados
Dithmenos
Elyvilon
Fedhas
Gozag
Kikubaaqudgha
Makhleb
Nemelex Xobeh
Okawaru
Pakellas
Qazlal
Ru
Sif Muna
Trog
Vehumet
Xom
Yredelemnul
Zin


Innate Abilities, Weirdness & Mutations

You reflexively headbutt those who attack you in melee.
You have a pair of horns on your head.


Message History

You block the blink frog's attack.
The blink frog blinks!
The blink frog hits you.
* * * LOW HITPOINT WARNING * * *
The blink frog blinks!
Unknown command.
You barely miss the blink frog.
The blink frog is moderately wounded.
The blink frog hits you!
* * * LOW HITPOINT WARNING * * *
Unknown command.
You closely miss the blink frog. Your headbutt misses the blink frog.
The blink frog is moderately wounded.
The blink frog barely misses you.
The blink frog blinks!
Unknown command.
You closely miss the blink frog. Your headbutt misses the blink frog.
The blink frog is moderately wounded.
The blink frog hits you!
* * * LOW HITPOINT WARNING * * *
The blink frog hits you.
You die...

#####.+######
...# #
##.#.........##
.#.............#
#
........†......#
#
....#F.........##
.#.#..........+..
...............P#
.......†.§F..F.#
...#....§@....##
.#.######..#### #
#.## #..P..#
##.P.## #..# #...


PP... ..... You could see 3 blink frogs.

Vanquished Creatures
  2 hydras
  Erica (D:11)
  Pikel (D:6)
  2 ugly things (D:11)
  A black mamba (Lair:3)
  The ghost of Kloppie the Slasher, a novice MiGl (D:4)
  4 spiny frogs
  2 komodo dragons (Lair:2)
  Prince Ribbit (D:5)
  2 blink frogs (Lair:3)
  A hornet zombie (D:11)
  A spriggan (D:11)
  A wraith (D:10)
  A basilisk (Lair:2)
  2 yaks (Lair:1)
  3 wyverns
  3 hippogriffs
  Grum (Lair:1)
  A warg (D:11)
  A hungry ghost (D:11)
  2 steam dragons (D:10)
  4 water moccasins
  9 porcupines
  5 orc warriors
  3 ice beasts
  A slave (D:6)
  4 sky beasts
  3 black bears
  A necrophage (D:8)
  A phantom (D:6)
  A wasp (D:11)
  5 wolves (Lair:1)
  7 ogres
  3 crocodiles
  3 centaurs
  2 big kobolds
  9 giant frogs
  2 gnoll sergeants
  2 scorpions (D:6)
  7 killer bees
  A howler monkey (D:10)
  6 crimson imps
  A quasit (D:10)
  A giant frog zombie (D:8)
  2 centaur skeletons
  3 jellies
  A giant frog skeleton (D:9)
  A gnoll shaman (D:5)
  8 hounds
  8 orc priests
  12 orc wizards
  7 iguanas
  11 worker ants
  Natasha (twice) (D:3)
  A killer bee zombie (D:11)
  A worker ant zombie (D:11)
  20 gnolls
  13 adders
  17 river rats
  4 shadow imps
  An ooze (D:5)
  An adder skeleton (D:8)
  A worm (D:3)
  2 giant geckos (D:10)
  33 orcs
  7 bats
  7 giant cockroaches
  7 goblins
  6 hobgoblins
  7 jackals
  16 kobolds
  3 quokkas
  A ball python (D:1)
  A giant gecko skeleton (D:5)
  A giant gecko zombie (D:7)
  2 giant newts
  A jackal skeleton (D:4)
  2 quokka zombies
  8 rats
333 creatures vanquished.

Vanquished Creatures (others)
  A slave (D:6)
1 creature vanquished.

Grand Total: 334 creatures vanquished

Notes
Turn   | Place    | Note
--------------------------------------------------------------
     0 | D:1      | Peloso the Minotaur Fighter began the quest for the Orb.
     0 | D:1      | Reached XP level 1. HP: 19/19 MP: 0/0
   122 | D:1      | Reached skill level 4 in Shields
   193 | D:1      | Reached XP level 2. HP: 27/27 MP: 1/1
   715 | D:1      | You fall through a shaft!
  1179 | D:2      | Reached XP level 3. HP: 33/33 MP: 2/2
  1224 | D:2      | HP: 1/33 [gnoll/spear (4)]
  1548 | D:2      | Reached skill level 1 in Dodging
  1566 | D:2      | Reached XP level 4. HP: 14/40 MP: 3/3
  1705 | D:2      | Found an opulent altar of Gozag.
  2298 | D:3      | Reached XP level 5. HP: 33/47 MP: 4/4
  2457 | D:3      | Noticed Natasha
  2464 | D:3      | Killed Natasha
  2635 | D:3      | Noticed Natasha
  2642 | D:3      | Killed Natasha
  2843 | D:4      | Reached skill level 5 in Shields
  3023 | D:4      | Reached XP level 6. HP: 47/55 MP: 5/5
  3045 | D:4      | Noticed Kloppie's ghost (novice MiGl)
  3189 | D:3      | Reached skill level 5 in Fighting
  3189 | D:3      | Reached skill level 5 in Armour
  3295 | D:3      | Found a deep blue altar of Sif Muna.
  3331 | D:4      | Killed Kloppie's ghost
  3331 | D:4      | Reached skill level 1 in Stealth
  3331 | D:4      | Reached XP level 7. HP: 25/61 MP: 6/6
  3782 | D:5      | Entered Level 5 of the Dungeon
  4089 | D:5      | Reached skill level 5 in Long Blades
  4182 | D:5      | Noticed Prince Ribbit
  4195 | D:5      | Killed Prince Ribbit
  4195 | D:5      | Reached skill level 6 in Shields
  4195 | D:5      | Reached XP level 8. HP: 59/69 MP: 7/7
  4543 | D:6      | Found a snail-covered altar of Cheibriados.
  4770 | D:6      | Reached skill level 7 in Shields
  4785 | D:6      | Noticed Pikel
  4805 | D:6      | Killed Pikel
  4805 | D:6      | Reached skill level 5 in Dodging
  4805 | D:6      | Reached XP level 9. HP: 63/78 MP: 8/8
  5049 | D:6      | Found a shimmering altar of Xom.
  5383 | D:7      | Found a deep blue altar of Sif Muna.
  5708 | D:7      | Found a staircase to the Ecumenical Temple.
  5712 | Temple   | Entered the Ecumenical Temple
  5740 | Temple   | Became a worshipper of Warmaster Okawaru
  5949 | D:8      | Reached skill level 8 in Shields
  6044 | D:8      | Reached * piety under Okawaru
  6679 | D:9      | Reached XP level 10. HP: 62/86 MP: 9/9
  6851 | D:9      | Reached skill level 9 in Shields
  7115 | D:9      | Reached ** piety under Okawaru
  7594 | D:10     | Entered Level 10 of the Dungeon
  7970 | D:10     | Reached skill level 10 in Shields
  8169 | D:10     | Reached *** piety under Okawaru
  8351 | D:11     | Reached skill level 10 in Long Blades
  8716 | D:11     | Reached XP level 11. HP: 86/95 MP: 7/10
  8805 | D:11     | Noticed Erica
  8808 | D:11     | Found a staircase to the Lair.
  8809 | D:11     | Noticed a red ugly thing
  8837 | D:11     | Noticed a cyan ugly thing
  9118 | D:11     | Reached skill level 1 in Invocations
  9248 | D:11     | Killed a cyan ugly thing
  9248 | D:11     | Reached skill level 11 in Shields
  9252 | D:11     | Reached **** piety under Okawaru
  9535 | D:11     | Killed a red ugly thing
  9535 | D:11     | Reached skill level 10 in Armour
  9669 | D:11     | Killed Erica
  9730 | Lair:1   | Entered Level 1 of the Lair of Beasts
  9842 | Lair:1   | Noticed a four-headed hydra
  9857 | Lair:1   | Killed a one-headed hydra
 10465 | Lair:1   | Noticed Grum
 10478 | Lair:1   | Killed Grum
 10508 | Lair:1   | Reached ***** piety under Okawaru
 11165 | Lair:2   | Reached skill level 12 in Shields
 11434 | Lair:3   | Found a white marble altar of Elyvilon.
 11551 | Lair:3   | Received a gift from Okawaru
 11551 | Lair:3   | Reached XP level 12. HP: 105/105 MP: 11/11
 11653 | Lair:3   | Noticed a four-headed hydra
 11669 | Lair:3   | Killed a one-headed hydra
 11694 | Lair:3   | Slain by a blink frog

Skill      XL: |  1  2  3  4  5  6  7  8  9 10 11 12 |
---------------+-------------------------------------+-----
Shields        | 4 5 6 7 8 10 12 | 12.1
Fighting       | 4 5 6 7 8 9 |  9.7
Armour         | 4 6 8 9 10 11 | 11.0
Dodging        | 1 2 3 4 5 6 7 |  7.7
Long Blades    | 3 4 5 7 8 10 11 | 11.8
Stealth        | 1 2 3 |  3.5
Invocations    | 1 |  1.3

Action                   |  1- 3 |  4- 6 |  7- 9 | 10-12 || total
-------------------------+-------+-------+-------+-------++-------
Melee: Long sword        |   110 |   136 |   263 |       ||   509
       Headbutt          |    11 |    27 |    72 |   175 ||   285
       Falchion          |       |       |    53 |   624 ||   677
       Scimitar          |       |       |       |   164 ||   164
Invok: Heroism           |       |       |       |    10 ||    10
  Use: Scroll            |     5 |     8 |     3 |     9 ||    25
       Potion            |       |     1 |     1 |     1 ||     3
 Stab: Distracted        |       |     1 |       |       ||     1
       Sleeping          |       |       |       |     8 ||     8
  Eat: Chunk             |     1 |     6 |    12 |    17 ||    36
Armor: Scale mail        |    76 |    36 |       |       ||   112
       Chain mail        |       |    23 |   146 |    27 ||   196
       Plate armour      |       |       |       |   140 ||   140
       Shadow dragon arm |       |       |       |   144 ||   144
Dodge: Dodged            |    38 |    42 |    92 |   253 ||   425
Block: Shield            |    80 |    70 |   170 |   477 ||   797
